 Dungeon Crawl Stone Soup version 0.30.1-4-g462c640d31 (webtiles) character file.

Game seed: 7546919522228510353

2452730 monsoonserge the Archmage (level 27, 149/181 HPs)
             Began as a Djinni Venom Mage on Sept 13, 2023.
             Was a High Priest of Hepliaklqana.
             Escaped with the Orb
             ... and 5 runes on Sept 16, 2023!
             The game lasted 09:44:48 (108610 turns).

monsoonserge the Archmage (Djinni Venom Mage)     Turns: 108610, Time: 09:44:49

Health: 149/181    AC: 34    Str: 12    XL:     27
Gold:   9039       EV: 17    Int: 30    God:    Hepliaklqana [*****.] SH: 37 Dex: 24

rFire   + + +        k - staff of fire "Kuirucun" {rF+ rN++ rCorr Str-4 SInv}
rCold   + . .        I - +6 tower shield "Citu" {Str+3 Dex+3 Slay+2}
rNeg    + + +        t - +12 chain mail of the Hippo {Drain Int+3 Slay+6}
rPois   ∞            i - +2 helmet {Int+3}
rElec   +            a - scarf {rC+ rF+}
rCorr   +            q - +0 pair of fencer's gloves {Riposte Dex+3}
SInv    +            (boots unavailable)
Will    ++...        g - amulet of reflection
Stlth   +            d - ring "Vessuc" {Wiz rC+ rCorr Int+3}
HPRegen 0.50/turn    P - ring of Megalomania {Contam +Blink rElec rN+ EV+5}
MPRegen 0.00/turn

%: reflection, wizardry (x1)
@: flying, silenced
A: reduced essence, sickness immunity, fire resistance 2, cold vulnerability 1,
float, innate caster, HP casting, extra vitality 1, mutation resistance 1
0: Orb of Zot
}: 5/15 runes: decaying, serpentine, slimy, silver, abyssal
a: Renounce Religion, Evoke Blink


You escaped.
You worshipped Hepliaklqana.
Hepliaklqana was extremely pleased with you.
You visited 14 branches of the dungeon, and saw 58 of its levels.
You visited the Abyss 1 time.
You visited 4 bazaars.
You also visited: Trove, Sewer, Bailey, Gauntlet, Ice Cave and Wizlab.

You collected 13218 gold pieces.
You spent 4179 gold pieces at shops.

Inventory:

Missiles
 m - 28 javelins (quivered)
 n - 23 curare-tipped darts
 G - 9 boomerangs of dispersal
 S - 21 atropa-tipped darts
 X - 3 throwing nets
 Z - 12 datura-tipped darts
Armour
 a - a scarf of resistance (worn)
 i - a +2 helmet of intelligence (worn)
 q - the +0 pair of fencer's gloves (worn) {Riposte Dex+3}
   (You found it on level 3 of the Elven Halls)

   Riposte:   It allows the wearer to riposte with melee weapons, swiftly
   retaliating against missed or blocked melee attacks.
   Dex:       It affects your dexterity (+3).
 t - the +12 chain mail of the Hippo (worn) {Drain Int+3 Slay+6}
   (You found it on level 4 of the Dungeon)

   Int:       It affects your intelligence (+3).
   Slay:      It affects your accuracy & damage with ranged weapons and melee
   (+6).
   Drain:     It drains your maximum health when unequipped.
 I - the +6 tower shield "Citu" (worn) {Str+3 Dex+3 Slay+2}
   (You acquired it on level 1 of the Depths)

   Str:       It affects your strength (+3).
   Dex:       It affects your dexterity (+3).
   Slay:      It affects your accuracy & damage with ranged weapons and melee
   (+2).
 T - the +0 pair of gloves of the Purple Skies {Harm Fly rCorr Int+2 Dex-4}
   (You found it on level 12 of the Dungeon)

   Int:       It affects your intelligence (+2).
   Dex:       It affects your dexterity (-4).
   Fly:       It grants you flight.
   rCorr:     It protects you from acid and corrosion.
   Harm:      It increases damage dealt and taken.
 V - a +2 tower shield of reflection
Magical Staves
 k - the staff of fire "Kuirucun" (weapon) {rF+ rN++ rCorr Str-4 SInv}
   (You found it on level 5 of the Pits of Slime)

   [staff of fire]

   Your inability to study Fire Magic prevents you from drawing on the full
   power of this staff in melee.
   Base accuracy: +5 Base damage: 5 Base attack delay: 1.2 This weapon's minimum
   attack delay (0.6) is reached at skill level 12.
   Str:       It affects your strength (-4).
   rF:        It protects you from fire.
   rN:        It greatly protects you from negative energy.
   SInv:      It lets you see invisible.
   rCorr:     It protects you from acid and corrosion.
   It falls into the 'Staves' category.
   It is a one-handed weapon.
 v - the staff of air "Ziast" {rElec rF++}
   (You found it on level 5 of the Pits of Slime)

   [staff of air]

   Your inability to study Air Magic prevents you from drawing on the full power
   of this staff in melee.
   Base accuracy: +5 Base damage: 5 Base attack delay: 1.2 This weapon's minimum
   attack delay (0.6) is reached at skill level 12.
   rF:        It greatly protects you from fire.
   rElec:     It insulates you from electricity.
   It falls into the 'Staves' category.
   It is a one-handed weapon.
 L - the staff of earth "Doach" {Fragile Int+5}
   (You found it on level 5 of the Pits of Slime)

   [staff of earth]

   Your inability to study Earth Magic prevents you from drawing on the full
   power of this staff in melee.
   Base accuracy: +5 Base damage: 5 Base attack delay: 1.2 This weapon's minimum
   attack delay (0.6) is reached at skill level 12.
   Int:       It affects your intelligence (+5).
   Fragile:   It will be destroyed if unequipped.
   It falls into the 'Staves' category.
   It is a one-handed weapon.
Jewellery
 d - the ring "Vessuc" (left hand) {Wiz rC+ rCorr Int+3}
   (You bought it in a shop in a bazaar)

   [ring of wizardry]

   It improves your spell success rate.
   Int:       It affects your intelligence (+3).
   rC:        It protects you from cold.
   rCorr:     It protects you from acid and corrosion.
 g - an amulet of reflection (around neck)
 x - the ring "Gionos" {rPois EV+5 Int+5 Dex-2}
   (You found it on level 3 of the Crypt)

   [ring of evasion]

   EV:        It affects your evasion (+5).
   Int:       It affects your intelligence (+5).
   Dex:       It affects your dexterity (-2).
   rPois:     It protects you from poison.
 P - the ring of Megalomania (right hand) {Contam +Blink rElec rN+ EV+5}
   (You found it on level 14 of the Dungeon)

   [ring of evasion]

   EV:        It affects your evasion (+5).
   rElec:     It insulates you from electricity.
   rN:        It protects you from negative energy.
   +Blink:    It lets you blink.
   Contam:    It causes magical contamination when unequipped.
Wands
 o - a wand of acid (37)
 s - a wand of roots (125)
 J - a wand of digging (30)
 R - a wand of polymorph (52)
 U - a wand of paralysis (68)
Scrolls
 h - a scroll of enchant weapon
 j - 38 scrolls of teleportation
 l - 20 scrolls of immolation
 p - 11 scrolls of blinking
 r - 2 scrolls of butterflies
 u - 19 scrolls of fear
 z - 16 scrolls of poison
 F - 4 scrolls of torment
 H - 14 scrolls of fog
 Y - 7 scrolls of magic mapping
Potions
 b - 15 potions of might
 c - 33 potions of curing
 e - 12 potions of resistance
 w - 11 potions of ambrosia
 A - 6 potions of berserk rage
 B - 15 potions of brilliance
 C - 12 potions of cancellation
 D - 11 potions of haste
 E - 6 potions of invisibility
 M - 6 potions of heal wounds
 N - 11 potions of lignification
 O - 12 potions of mutation
Miscellaneous
 f - a box of beasts
 y - a lightning rod (4/4)
 K - a phial of floods
 Q - a phantom mirror
 W - the horn of Geryon


   Skills:
 * Level 18.8 Fighting
 + Level 2.2(2.7) Short Blades
 + Level 2.2(2.7) Long Blades
 + Level 0.1(3.4) Maces & Flails
 + Level 6.2 Staves
 - Level 3.0 Throwing
 * Level 23.6 Armour
 + Level 8.5 Dodging
 + Level 5.0 Stealth
 * Level 23.2 Shields
 + Level 3.0 Unarmed Combat
 O Level 27 Spellcasting
 + Level 13.8 Invocations
 - Level 11.0 Evocations


You knew the following spells:

 Your Spells              Type           Power      Damage    Failure   Level
a - Sting                 Tmut/Pois      100%       1d8       0%          1
b - Poisonous Vapours     Pois/Air       100%       N/A       0%          2
c - Mephitic Cloud        Conj/Pois/Air  100%       N/A       0%          3
d - Olgreb's Toxic Radia  Pois           100%       N/A       0%          4
e - Summon Small Mammal   Summ           100%       N/A       0%          1
f - Blink                 Tloc           100%       N/A       0%          2
g - Gell's Gravitas       Tloc           100%       N/A       0%          3
h - Stone Arrow           Conj/Erth      100%       3d13      0%          3
i - Flame Wave            Conj/Fire      100%       2d21      0%          4
j - Metabolic Englaciati  Hex/Ice        58%        N/A       0%          5
k - Eringya's Noxious Bo  Tmut/Pois      58%        N/A       0%          6
l - Orb of Destruction    Conj           58%        9d14      1%          7
m - Plasma Beam           Fire/Air       70%        2x1d95    0%          6
n - Ozocubu's Refrigerat  Ice            58%        4d20      1%          7
o - Storm Form            Tmut/Air       58%        N/A       1%          7
p - Summon Horrible Thin  Summ           58%        N/A       1%          8
q - Shatter               Erth           58%        3d43*     3%          9
Your spell library was empty.

Dungeon Overview and Level Annotations

Branches:
Dungeon (15/15)            Temple (1/1) D:4            Lair (5/5) D:10
  Swamp (4/4) Lair:2        Snake (4/4) Lair:2        Slime (5/5) Lair:5
    Orc (2/2) D:11            Elf (3/3) Orc:2        Vaults (5/5) D:14
  Crypt (3/3) Vaults:3       Tomb (1/3) Crypt:3      Depths (4/4) D:15
   Hell (visited)             Dis (0/7) Hell            Geh (0/7) Hell
    Coc (0/7) Hell            Tar (0/7) Hell            Zot (5/5) Depths:4
  Sewer (visited)          Bailey (visited)           IceCv (visited)
 WizLab (visited)         Gauntlet (visited)

Altars:
Ashenzari
Cheibriados
Dithmenos
Elyvilon
Fedhas
Gozag
Hepliaklqana
Makhleb
Nemelex Xobeh
Okawaru
Qazlal
Ru
Trog
Uskayaw
Wu Jian
Xom
Yredelemnul
Zin
The Shining One
Lugonu

Shops:
D:11 (*=   D:15 (   Orc:1 (   Orc:2 !(=[   Elf:2 [   Snake:1 ::*[*=
Snake:3 [==   Vaults:5 [   Depths:1 ![?(   Depths:2 ?

Portals:
Hell: Depths:1 Depths:2 Depths:3 Depths:4
Abyss: D:1*** Zot:5 Depths:1 Depths:3 Depths:4
Pandemonium: Depths:2
Ziggurat: Depths:1


Innate Abilities, Weirdness & Mutations

Your life essence is reduced to manifest your ancestor. (-10% HP)
You are immune to sickness and miasma.
You are immune to poison.
Your flesh is very heat resistant. (rF++)
You are vulnerable to cold. (rC-)
You float through the air rather than walking.
You learn spells naturally, not from books.
Your magical power is your life essence.
You have superior vitality. (+4 MHP)
You are somewhat resistant to further mutation.


Message History

Synnove blocks the sixfirhy's attack.
Casting: Plasma Beam (safe; 0% risk of failure)
Confirm with . or Enter, or press ? or * to list all spells.
You blink.
Something hits Synnove but does no damage.
Synnove blocks something's attack.
Synnove hits Terronli but does no damage.
Synnove misses something.
Casting: Blink (safe; 0% risk of failure)
Confirm with . or Enter, or press ? or * to list all spells.
Casting: Plasma Beam (safe; 0% risk of failure)
Press: ? - help, Dir - look around, f - activate You feel a surge of power!
The bolt of lightning hits Terronli!!!
Terronli is moderately wounded.
The fiery plasma hits Terronli.
Terronli resists.
Terronli is moderately wounded.
Terronli conjures an orb of pure magic.
Terronli gestures at you.
Synnove hits Terronli but does no damage.
Synnove hits something but does no damage.
Synnove closely misses something.
An orb of destruction comes into view.
Blink to where?
Press: ? - help, Dir - move target
As you read the scroll of blinking, it crumbles to dust.
Terronli punches you!
Synnove hits Terronli with a +0 broad axe of speed!!
Synnove barely misses the rust devil.
Synnove closely misses the sixfirhy.
An Executioner comes into view.
You block the rust devil's attack.
You block the sixfirhy's attack. x3; You riposte.
You hit the sixfirhy! You burn the sixfirhy.
The sixfirhy is heavily wounded.
Terronli gestures.
Terronli's surroundings become eerily quiet.
The sixfirhy closely misses you.
Synnove hits Terronli with a +0 broad axe of speed.
Synnove hits the rust devil with a +0 broad axe of speed!
The rust devil dies!
Synnove barely misses the sixfirhy.
You have escaped!

#............######
###.######.....###### ##
#....#...#.....#...## #.
#####....#.∩.#.....#.∩.###### #.
.........#...#.....#...#....####.
####.....#####.....########....#.
## #.................*..######...
.# #.#.##...........○...##..####.
.###....#.......@..°°☼☼○##..# #[
...............3R&○.☼°○○##..# #.
###...........)......○○☼....#####
.........#####.....#####.........
.##......#...#.....#...##.##...#.
###......#.∩.#..1..#.∩.#..##.###.
# #.....>#...#.....#...#.##..###.
# #......#####.....#####.##.###..
#......>#####....÷.###(##.###.#


You could see the friendly Synnove the knight (reflecting), Terronli (silencing,
unsilenced, ally target), an Executioner (unsilenced) and a sixfirhy.

Vanquished Creatures
  the Royal Jelly (Slime:5)
  6 dread liches
  8 ancient liches
  3 orbs of fire
  Mara (Swamp:3)
  Mennas (Crypt:1)
  A juggernaut (Depths:3)
  The ghost of Hicanoach the Fey Demonspawn, a master DsGl of Yredelemnul (Zot:5)
  3 royal mummies (Crypt:2)
  Sojobo (Depths:1)
  the Lernaean hydra (Swamp:4)
  4 curse toes
  5 Killer Klowns
  3 caustic shrikes (Depths:4)
  9 golden dragons
  Nikola (Depths:1)
  Geryon (Hell)
  A Tzitzimitl (Depths:1)
  2 electric golems
  Jorgrun (D:12)
  Rupert (D:14)
  An iron giant (shapeshifter) (Depths:1)
  11 tentacled monstrosities
  3 deep elf blademasters (Elf:3)
  A walking crystal tome (Depths:3)
  24 Orb Guardians
  A walking earthen tome (Depths:1)
  8 liches
  12 quicksilver dragons
  22 acid blobs
  3 deep elf master archers (Elf:3)
  A walking frostbound tome (Depths:2)
  8 titans
  An Executioner (Zot:3)
  Murray (Depths:4)
  6 ancient champions
  11 sphinxes
  9 death cobs
  A thorn hunter (Swamp:4)
  13 storm dragons
  7 shadow dragons
  Kirke (Snake:2)
  Roxanne (Snake:2)
  15 fire giants
  4 revenants
  Donald (Swamp:3)
  A daeva (D:10)
  7 nagarajas
  5 tengu reavers
  A demonspawn warmonger (D:10)
  9 draconian monks
  12 rockslimes
  A fenstrider witch (Swamp:3)
  11 azure jellies
  9 draconian knights
  5 ghost moths
  3 draconian scorchers
  10 frost giants
  Aizul (Snake:3)
  7 deep elf sorcerers
  22 vault wardens
  4 draconian shifters
  3 curse skulls
  6 ghouls (Crypt:3)
  3 iron dragons
  4 deep elf elementalists
  A balrug (Hell)
  6 draconian annihilators
  19 draconian stormcallers
  4 war gargoyles
  A juggernaut zombie (D:15)
  A caustic shrike skeleton (Depths:3)
  8 quicksilver oozes
  4 orc warlords
  A cacodemon (Depths:2)
  14 stone giants
  A juggernaut skeleton (Depths:3)
  25 ironbound preservers
  5 reapers
  9 vampire knights
  23 very ugly things
  6 ironbound thunderhulks
  A demonspawn black sun (D:10)
  2 bennus (Tomb:1)
  17 green draconians
  6 deep elf annihilators
  3 eleionomae
  7 black draconians
  19 white draconians
  15 yellow draconians
  2 lorocyprocas
  A minotaur (Gauntlet)
  16 purple draconians
  6 deep elf demonologists
  4 eidola
  14 red draconians
  4 dire elephants (Vaults:4)
  The ghost of booth the Severer, a journeyman HOMo of Beogh (D:12)
  The ghost of Kate Neode the Destroyer, a journeyman DgAr (Lair:3)
  2 green deaths
  A quicksilver dragon zombie (WizLab)
  4 bunyips
  11 deep elf death magi
  9 spark wasps
  5 jiangshi
  A spectral quicksilver dragon (Zot:5)
  4 blizzard demons
  19 ettins
  A fire dragon (shapeshifter) (Vaults:4)
  2 merfolk impalers
  2 merfolk javelineers
  8 mummy priests
  3 entropy weavers
  8 great orbs of eyes
  10 deep elf high priests
  8 fire dragons
  11 rakshasas
  12 yaktaur captains
  A peacekeeper (Vaults:3)
  A quicksilver dragon skeleton (Crypt:3)
  Fannar (D:12)
  Harold (D:10)
  2 hell beasts
  25 hydras
  A salamander tyrant (Snake:2)
  8 ironbound frosthearts
  4 spriggan skeletons
  48 vault guards
  A catoblepas (D:13)
  9 ice dragons
  A juggernaut simulacrum (Tomb:1)
  2 ogre magi
  5 spriggan air magi
  5 centaur warriors
  2 caustic shrike simulacra
  Erica (D:9)
  An azure jelly zombie (Crypt:1)
  4 death knights
  7 alligators
  An anaconda (shapeshifter) (Depths:1)
  7 anacondas
  9 two-headed ogres
  26 dancing weapons
  10 death scarabs (Tomb:1)
  A two-headed ogre (shapeshifter) (Vaults:4)
  2 ghost crabs
  6 boulder beetles
  7 naga warriors
  2 hell hogs (Depths:4)
  A satyr (shapeshifter) (Depths:1)
  6 deep troll shamans
  3 vampire magi
  19 hell knights
  8 orc high priests
  3 shock serpents
  8 spriggan berserkers
  6 tengu warriors
  4 death yaks
  7 soul eaters
  6 sun demons
  7 deep troll earth magi
  A spectral black draconian (Zot:5)
  Urug (D:12)
  18 deep elf knights
  21 skeletal warriors
  2 titan skeletons (Depths:3)
  A spectral dire elephant (Crypt:3)
  8 naga sharpshooters
  5 spriggans
  19 shadow wraiths
  5 skysharks (Lair:5)
  A death drake (Swamp:2)
  4 salamander mystics
  A quicksilver dragon simulacrum (Depths:4)
  7 glowing orange brains
  2 goliath frogs
  An anaconda zombie (Hell)
  5 iron trolls
  A sea snake (Snake:1)
  7 flayed ghosts
  A spark wasp zombie (D:15)
  9 bog bodies
  A golden dragon zombie (Depths:3)
  2 spriggan druids
  A bunyip zombie (Swamp:1)
  8 swamp dragons
  4 naga ritualists
  47 deep trolls
  3 golden dragon skeletons (Depths:3)
  14 deep elf archers
  12 wizards
  A jorogumo zombie (Crypt:2)
  A swamp dragon (shapeshifter) (Vaults:5)
  2 harpies (shapeshifter)
  12 lindwurms
  An anaconda skeleton (Hell)
  2 tengu zombies
  30 phantasmal warriors
  28 ironbound convokers
  10 harpies
  19 necromancers
  16 orc knights
  2 shadow dragon skeletons
  21 deep elf pyromancers
  10 shining eyes
  4 orc sorcerers (Orc:2)
  27 deep elf zephyrmancers
  4 will-o-the-wisps
  39 ugly things
  6 mana vipers
  2 tengu skeletons (Depths:3)
  A frost giant zombie (Depths:3)
  A salamander (shapeshifter) (Vaults:1)
  6 cyclopes
  3 manticores
  20 salamanders
  A human skeleton (Vaults:5)
  3 iron dragon skeletons
  A stone giant zombie (WizLab)
  30 moths of wrath
  A spectral centaur (Crypt:3)
  13 elephants
  6 guardian serpents
  8 naga magi
  A naga zombie (Hell)
  2 dire elephant zombies (Crypt:1)
  An alligator snapping turtle zombie (Crypt:3)
  4 ice statues
  A black mamba (shapeshifter) (Vaults:5)
  8 rust devils
  26 vault sentinels
  A stone giant skeleton (D:15)
  7 torpor snails
  31 black mambas
  4 eyes of devastation
  3 smoke demons
  2 apocalypse crabs
  A water nymph (shapeshifter) (Vaults:2)
  A demonic crawler (Hell)
  A naga skeleton (Tomb:1)
  A white draconian zombie (Crypt:1)
  An unseen horror (shapeshifter) (Elf:3)
  A gargoyle (D:10)
  A centaur skeleton (Crypt:1)
  3 unseen horrors
  A hellion (D:15)
  2 rime drakes
  Psyche (D:8)
  14 cane toads
  41 yaktaurs
  An unseen horror zombie (Crypt:1)
  13 freezing wraiths
  A komodo dragon (shapeshifter) (Vaults:4)
  A yaktaur (shapeshifter) (Elf:3)
  3 kobold demonologists
  2 sea snake zombies (Hell)
  9 komodo dragons
  An ancient zyme (Abyss:4)
  7 tengu conjurers
  A tyrant leech (shapeshifter) (Vaults:2)
  3 golden dragon simulacra
  9 guardian mummies
  2 hydra zombies (Hell)
  9 trolls
  3 ice devils
  9 polar bears (Lair:5)
  A queen bee (Gauntlet)
  A troll (shapeshifter) (Vaults:2)
  2 hellwings
  3 meliai (D:14)
  4 spectral moths of wrath (Zot:5)
  15 hornets
  A merfolk (shapeshifter) (Vaults:5)
  A hydra skeleton (Hell)
  2 hornets (shapeshifter)
  A fire dragon zombie (Crypt:1)
  An ettin zombie (WizLab)
  A bloated husk (Swamp:3)
  3 alligator zombies
  5 tyrant leeches
  2 ice dragon zombies
  26 blink frogs
  7 raiju
  A dream sheep (shapeshifter) (Vaults:4)
  A guardian serpent skeleton (Crypt:2)
  105 slime creatures
  A draconian simulacrum (Hell)
  14 flying skulls
  6 air elementals
  A jumping spider (Gauntlet)
  An elf skeleton (Vaults:5)
  A meliai zombie (Crypt:2)
  5 water elementals
  10 shadows (Crypt:3)
  An ettin skeleton (Crypt:3)
  2 large abominations
  5 ushabtiu (Tomb:1)
  2 vampires
  5 fire elementals
  A wyvern (shapeshifter) (Vaults:5)
  2 hogs (Snake:2)
  15 wraiths
  A basilisk (shapeshifter) (Vaults:1)
  7 wyverns
  26 yaks
  A yak (shapeshifter) (Elf:1)
  Grum (D:9)
  A wind drake skeleton (Crypt:1)
  12 golden eyes
  8 vampire mosquitoes
  7 basilisks
  3 redbacks (Vaults:4)
  2 chaos spawn (Depths:2)
  A sea snake simulacrum (Hell)
  A glowing shapeshifter zombie (D:15)
  4 steam dragons
  6 wargs
  38 nagas
  2 swamp worms (shapeshifter)
  17 swamp worms
  A floating eye (Depths:1)
  14 hell hounds (Lair:5)
  17 water moccasins
  4 moth of wrath simulacra (Zot:5)
  A fire bat skeleton (Crypt:3)
  A merfolk skeleton (Crypt:2)
  2 alligator simulacra (Swamp:1)
  13 black bears
  47 orc warriors
  11 swamp drakes (Swamp:4)
  5 ettin simulacra (Depths:4)
  3 sky beasts
  A dream sheep zombie (Crypt:1)
  10 ogres
  6 boggarts (Vaults:2)
  23 wolves
  5 centaurs
  12 kobold brigands
  A gnoll sergeant (D:11)
  16 bullfrogs
  A necrophage (Crypt:3)
  An earth elemental (Elf:2)
  3 scorpions
  5 wights
  A demonspawn simulacrum (Crypt:1)
  A queen bee zombie (Crypt:2)
  7 killer bees
  8 electric eels
  2 howler monkeys
  A small abomination (Abyss:3)
  2 shapeshifter skeletons (Crypt:1)
  A basilisk zombie (Crypt:3)
  19 orc priests
  A black bear zombie (Crypt:2)
  A hound (shapeshifter) (Vaults:1)
  13 jellies
  Crazy Yiuf (D:4)
  A gnoll bouda (D:10)
  3 hounds
  4 iguanas
  A sleepcap (D:6)
  An iguana (shapeshifter) (Vaults:5)
  22 orc wizards
  3 wolf simulacra (IceCv)
  25 mummies
  11 gnolls
  12 adders
  3 shadow imps
  A white imp (D:7)
  A worm (D:4)
  95 orcs
  12 endoplasms
  8 giant cockroaches
  4 goblins
  2 hobgoblins (D:1)
  4 jackals (D:2)
  22 kobolds
  5 quokkas
  10 ball pythons
  5 bats
  5 frilled lizards
  An orc skeleton (Crypt:3)
  A quokka zombie (Crypt:1)
  8 rats
  A fire vortex (Hell)
  A lurking horror (Zot:5)
2695 creatures vanquished.

Vanquished Creatures (collateral kills)
  3 ancient liches
  3 orbs of fire (Zot:5)
  A royal mummy (Tomb:1)
  Bai Suzhen (Depths:1)
  A caustic shrike (Depths:4)
  A curse toe (Zot:5)
  4 golden dragons
  An electric golem (Zot:5)
  7 tentacled monstrosities
  A lich (Tomb:1)
  2 quicksilver dragons
  A death cob (Zot:1)
  6 storm dragons
  A draconian monk (Zot:5)
  A fire giant (Depths:2)
  An iron dragon (Depths:3)
  A draconian knight (Zot:5)
  A ghost moth (Zot:4)
  2 frost giants
  A balrug (Depths:4)
  A caustic shrike skeleton (Depths:3)
  A war gargoyle (Depths:4)
  A very ugly thing (Depths:2)
  An ironbound preserver (Vaults:4)
  A juggernaut skeleton (Depths:3)
  A green draconian (Zot:5)
  2 black draconians
  A purple draconian (Zot:4)
  2 red draconians
  A yellow draconian (Zot:2)
  2 ettins
  5 spark wasps
  A white draconian (Zot:4)
  2 fire dragons (Depths:2)
  3 mummy priests
  A great orb of eyes (Slime:1)
  An ice dragon (Depths:2)
  An elf skeleton (Crypt:3)
  4 dancing weapons (Elf:2)
  A tengu warrior (Depths:3)
  3 hell knights (Depths:2)
  A spriggan berserker (Depths:2)
  A sun demon (Depths:1)
  4 soul eaters
  2 deep elf knights (Elf:2)
  A golden dragon zombie (WizLab)
  An iron troll (Depths:4)
  A shadow wraith (Depths:4)
  A deep troll (Depths:2)
  A quicksilver dragon simulacrum (Depths:4)
  A sphinx zombie (WizLab)
  A phantasmal warrior (Depths:4)
  A deep elf pyromancer (Elf:2)
  A necromancer (Depths:2)
  An iron dragon zombie (WizLab)
  A deep elf zephyrmancer (Elf:2)
  A fire giant zombie (WizLab)
  A stone giant zombie (WizLab)
  A frost giant zombie (WizLab)
  A rust devil (D:1)
  A storm dragon simulacrum (Zot:5)
  A yaktaur zombie (WizLab)
  A human zombie (WizLab)
  A guardian mummy (WizLab)
  A spectral moth of wrath (Zot:5)
  A hornet (Depths:4)
  5 slime creatures
  3 flying skulls (Crypt:3)
  A shadow (Crypt:3)
  A golden eye (Slime:2)
  A water moccasin (D:7)
  A white imp (D:6)
  A giant cockroach zombie (Crypt:3)
  A fire vortex (Hell)
  A lurking horror (Zot:5)
120 creatures vanquished.

Vanquished Creatures (others)
  A tengu reaver (Depths:2)
  A ghost moth (Zot:4)
  A rakshasa (Depths:1)
  A spriggan air mage (Depths:2)
  A deep troll earth mage (Depths:2)
  A spriggan berserker (Depths:2)
  A glowing orange brain (Depths:2)
  A shining eye (Slime:3)
  5 ancestors
  5 knights
  3 humans (Snake:2)
  An orc warrior (Orc:2)
  An ettin simulacrum (Depths:4)
  A killer bee (D:10)
  An orc priest (D:10)
  An orc wizard (D:10)
  4 foxfires
30 creatures vanquished.

Grand Total: 2845 creatures vanquished

Notes
Turn   | Place    | Note
-------+----------+-------------------------------------------
     0 | D:1      | monsoonserge the Djinni Venom Mage began the quest for the
                  | Orb.
     0 | D:1      | monsoonserge set off with the following spells memorised:
                  | Sting, Poisonous Vapours, Mephitic Cloud, Olgreb's Toxic
                  | Radiance.
     0 | D:1      | Reached XP level 1. HP: 15/15 MP: 0/0
   134 | D:1      | Reached XP level 2. HP: 7/21 MP: 0/0
   472 | D:1      | Reached XP level 3. HP: 4/25 MP: 0/0
   472 | D:1      | Learned a level 1 spell: Summon Small Mammal
   488 | D:1      | Reached skill level 3 in Spellcasting
  1063 | D:2      | Found a faded altar of an unknown god.
  1348 | D:3      | Reached XP level 4. HP: 25/31 MP: 0/0
  1941 | D:4      | Found a staircase to the Ecumenical Temple.
  1951 | Temple   | Entered the Ecumenical Temple
  1992 | Temple   | Became a worshipper of Elyvilon the Healer
  2034 | D:4      | Reached XP level 5. HP: 28/35 MP: 0/0
  2034 | D:4      | Learned a level 2 spell: Blink
  2056 | D:4      | Identified the +12 chain mail of the Hippo {Drain Int+3
                  | Slay+6}
  2094 | D:4      | Found a runed translucent door.
  2095 | D:4      | Noticed Crazy Yiuf
  2169 | D:4      | Found a glowing drain.
  2197 | Sewer    | Entered a sewer
  2410 | Sewer    | Reached skill level 1 in Armour
  2641 | D:4      | Reached skill level 4 in Spellcasting
  2824 | D:4      | Killed Crazy Yiuf
  2915 | D:5      | Entered Level 5 of the Dungeon
  2915 | D:5      | Noticed a black bear
  3023 | D:5      | Reached XP level 6. HP: 29/41 MP: 0/0
  3197 | D:5      | Reached * piety under Elyvilon
  3318 | D:5      | Noticed an ogre
  3319 | D:5      | Killed a black bear
  3320 | D:5      | Reached skill level 5 in Spellcasting
  3320 | D:5      | Reached XP level 7. HP: 27/46 MP: 0/0
  3320 | D:5      | Learned a level 3 spell: Gell's Gravitas
  3378 | D:6      | Gained mutation: A frigid envelope surrounds you and
                  | freezes all who hurt you. [potion of mutation]
  3378 | D:6      | Gained mutation: You passively map a small area around you.
                  | [potion of mutation]
  3378 | D:6      | Gained mutation: Your flesh is almost immune to the effects
                  | of heat. (rF+++) [potion of mutation]
  3679 | D:5      | Reached skill level 1 in Fighting
  3679 | D:5      | Reached skill level 1 in Shields
  3834 | D:5      | Reached XP level 8. HP: 47/52 MP: 0/0
  4162 | D:5      | Reached skill level 6 in Spellcasting
  4244 | D:6      | Reached skill level 1 in Short Blades
  4442 | D:6      | Found a shimmering altar of Xom.
  4448 | D:6      | Found a sacrificial altar of Ru.
  4448 | D:6      | Found an iron altar of Okawaru.
  4448 | D:6      | Found a glowing golden altar of the Shining One.
  4450 | D:6      | Found a burning altar of Makhleb.
  4451 | D:6      | Found a shadowy altar of Dithmenos.
  4452 | D:6      | Found a sparkling altar of Nemelex Xobeh.
  4453 | D:6      | Found a snail-covered altar of Cheibriados.
  4615 | D:6      | Reached ** piety under Elyvilon
  5043 | D:7      | Reached skill level 1 in Invocations
  5135 | D:7      | Reached XP level 9. HP: 58/58 MP: 0/0
  5135 | D:7      | Learned a level 3 spell: Stone Arrow
  5206 | D:6      | Reached skill level 7 in Spellcasting
  5313 | D:7      | Found a flagged portal.
  5330 | Bailey   | Entered a bailey
  5716 | Bailey   | Reached skill level 8 in Spellcasting
  5956 | D:7      | Reached *** piety under Elyvilon
  6218 | D:8      | Found a hide-covered altar of Uskayaw.
  6562 | D:8      | Noticed a two-headed ogre
  6569 | D:8      | Killed a two-headed ogre
  6570 | D:8      | Reached XP level 10. HP: 55/64 MP: 0/0
  6570 | D:8      | Noticed Psyche
  6579 | D:8      | Killed Psyche
  7158 | D:9      | Noticed Grum
  7164 | D:9      | Reached skill level 9 in Spellcasting
  7167 | D:9      | Killed Grum
  7230 | D:9      | Reached skill level 5 in Armour
  7298 | D:9      | Noticed a two-headed ogre
  7299 | D:9      | Noticed a two-headed ogre
  7606 | D:9      | Killed a two-headed ogre
  7895 | D:9      | Killed a two-headed ogre
  7896 | D:9      | Reached XP level 11. HP: 53/69 MP: 0/0
  7896 | D:9      | Learned a level 4 spell: Flame Wave
  8159 | D:9      | Reached skill level 10 in Spellcasting
  8384 | D:9      | Noticed Erica
  8394 | D:9      | Killed Erica
  8539 | D:10     | Entered Level 10 of the Dungeon
  8552 | D:10     | Noticed Harold
  8561 | D:10     | Killed Harold
  8562 | D:10     | Reached skill level 5 in Shields
  8642 | D:10     | Noticed a cyclops
  8648 | D:10     | Killed a cyclops
  8832 | D:10     | Noticed a cyclops
  9069 | D:10     | Noticed a two-headed ogre
  9075 | D:10     | Killed a two-headed ogre
  9146 | D:10     | Reached **** piety under Elyvilon
  9174 | D:10     | Killed a cyclops
  9175 | D:10     | Reached skill level 11 in Spellcasting
  9308 | D:10     | Found a staircase to the Lair.
  9857 | D:10     | Reached XP level 12. HP: 72/76 MP: 0/0
 10253 | D:11     | Found a flickering gateway to a bazaar.
 10304 | Bazaar   | Entered a bazaar
 10308 | Bazaar   | Found Xepeedem's Jewellery Boutique.
 10326 | Bazaar   | Found Istroak's Antique Weapon Emporium.
 10344 | Bazaar   | Found Qudaim's Book Boutique.
 10361 | Bazaar   | Found Nota's Antique Armour Shoppe.
 10384 | Bazaar   | Bought the ring "Vessuc" {Wiz rC+ rCorr Int+3} for 670 gold
                  | pieces
 10403 | D:11     | Noticed a boulder beetle
 10416 | D:11     | Killed a boulder beetle
 10434 | D:11     | Found Xiam's General Store.
 10438 | D:11     | Reached skill level 1 in Long Blades
 10452 | D:11     | Reached skill level 5 in Invocations
 10461 | D:11     | Found Riam's Weapon Emporium.
 10518 | D:11     | Found a gate leading to a gauntlet.
 10601 | Gauntlet | Entered a Gauntlet
 10601 | Gauntlet | Found a runed translucent door.
 10601 | Gauntlet | Found a transporter.
 10601 | Gauntlet | Found a runed translucent door.
 10601 | Gauntlet | Found a transporter.
 10604 | Gauntlet | Found a transporter.
 10604 | Gauntlet | Found a transporter.
 10604 | Gauntlet | Noticed a tengu warrior
 10636 | Gauntlet | Found a transporter.
 10638 | Gauntlet | Found a transporter.
 10647 | Gauntlet | Found a transporter.
 10647 | Gauntlet | Found a transporter.
 10691 | Gauntlet | Found a transporter.
 10695 | Gauntlet | Found a transporter.
 10731 | Gauntlet | Found a transporter.
 10750 | Gauntlet | Found a transporter.
 10755 | Gauntlet | Found a runed translucent door.
 10762 | Gauntlet | Found a transporter.
 10763 | Gauntlet | Noticed an entropy weaver
 10769 | Gauntlet | Noticed a death drake
 10770 | Gauntlet | Found a runed translucent door.
 10772 | Gauntlet | Found a transporter.
 10774 | Gauntlet | Found a runed translucent door.
 10869 | Gauntlet | Identified the ring "Achooch" {rCorr Dex+3 SInv}
 10962 | Gauntlet | Identified the amulet of Wuduniumir {Acrobat rF+ Dex+3}
 11001 | Gauntlet | Killed an entropy weaver
 11012 | Gauntlet | Identified the +2 helmet of Trumpets {Harm}
 11092 | Gauntlet | Noticed a minotaur
 11104 | Gauntlet | Killed a minotaur
 11105 | Gauntlet | Reached skill level 12 in Spellcasting
 11116 | Gauntlet | Identified the +2 ring mail of Wisdom {rC+}
 11116 | Gauntlet | Identified the +1 leather armour of the Original Sin {+Inv
                  | rElec Str+5 Int-4}
 11116 | Gauntlet | Identified the +1 hand axe "Rehir" {antimagic, rElec rF+
                  | Str+2 Dex-3}
 11212 | Gauntlet | Got the Volume of Septic Bombardment
 11269 | D:11     | Was placed under penance by Elyvilon
 11641 | D:11     | Found a staircase to the Orcish Mines.
 11674 | D:11     | Found Heepeahe's Jewellery Boutique.
 11883 | Lair:1   | Entered Level 1 of the Lair of Beasts
 11988 | Lair:1   | Reached XP level 13. HP: 77/82 MP: 0/0
 11988 | Lair:1   | Learned a level 5 spell: Metabolic Englaciation
 12358 | Lair:1   | You are sucked into a shaft and drop 1 floor!
 12373 | Lair:1   | Noticed a four-headed hydra
 12375 | Lair:1   | Reached skill level 13 in Spellcasting
 12379 | Lair:1   | Killed a four-headed hydra
 12910 | Lair:2   | Was forgiven by Elyvilon
 12913 | Lair:2   | Reached skill level 1 in Evocations
 12961 | Lair:2   | Found a staircase to the Swamp.
 13471 | Lair:2   | Reached skill level 14 in Spellcasting
 13512 | Lair:2   | Found a staircase to the Snake Pit.
 13743 | Lair:3   | Noticed Kate Neode's ghost (journeyman DgAr)
 13743 | Lair:3   | Found a runed translucent door.
 14178 | Lair:3   | Reached ***** piety under Elyvilon
 14290 | Lair:3   | Reached XP level 14. HP: 58/87 MP: 0/0
 15231 | Lair:3   | Killed Kate Neode's ghost
 16237 | Lair:5   | Entered Level 5 of the Lair of Beasts
 16273 | Lair:5   | Reached skill level 15 in Spellcasting
 17370 | Lair:5   | Reached XP level 15. HP: 46/94 MP: 0/0
 17370 | Lair:5   | Learned a level 6 spell: Eringya's Noxious Bog
 17631 | Lair:5   | Found a staircase to the Slime Pits.
 18360 | Lair:5   | Reached skill level 16 in Spellcasting
 19166 | Lair:5   | Found a runed translucent door.
 20093 | D:11     | Bought a scroll of acquirement for 780 gold pieces
 20094 | D:11     | Acquired a manual of Spellcasting
 20097 | D:11     | Acquired 978 gold pieces
 20163 | Orc:1    | Entered Level 1 of the Orcish Mines
 20263 | Orc:2    | Entered Level 2 of the Orcish Mines
 20452 | Orc:2    | Found a staircase to the Elven Halls.
 20454 | Orc:2    | Found a frozen archway.
 20579 | IceCv    | Entered an ice cave
 20633 | IceCv    | Found a transporter.
 20662 | IceCv    | Found a transporter.
 20853 | IceCv    | Identified the staff of conjuration "Casudugg" {rElec rN+}
 21311 | Orc:2    | Found a gateway to a bazaar.
 21406 | Orc:2    | Noticed an orc warlord
 21420 | Orc:2    | Killed an orc warlord
 21575 | Orc:2    | Found a bloodstained altar of Trog.
 21755 | Orc:2    | Found Loylur's Antique Armour Emporium.
 21755 | Orc:2    | Found Capoj's Distillery.
 21762 | Orc:2    | Found Siatrud's Weapon Boutique.
 21762 | Orc:2    | Found Latal's Jewellery Emporium.
 21770 | Orc:2    | Bought 3 atropa-tipped darts for 40 gold pieces
 22161 | Orc:1    | Found Lofoin's Antique Weapon Emporium.
 22164 | Orc:1    | Reached skill level 17 in Spellcasting
 22221 | Orc:1    | Reached XP level 16. HP: 72/101 MP: 0/0
 22499 | Bazaar   | Entered a bazaar
 22499 | Bazaar   | Found Rojuh's Antique Weapon Emporium.
 22499 | Bazaar   | Found Couprumpau's Distillery.
 22499 | Bazaar   | Found Xileh's Assorted Antiques.
 22499 | Bazaar   | Found Besitteg's Assorted Antiques.
 22500 | Bazaar   | Reached ****** piety under Elyvilon
 22525 | Bazaar   | Bought a potion of heal wounds for 40 gold pieces
 22525 | Bazaar   | Bought a potion of heal wounds for 40 gold pieces
 22561 | Bazaar   | Bought a scroll of teleportation for 60 gold pieces
 22561 | Bazaar   | Bought a scroll of fear for 80 gold pieces
 22571 | Bazaar   | Bought a scroll of teleportation for 63 gold pieces
 22571 | Bazaar   | Bought a scroll of fear for 84 gold pieces
 22579 | Bazaar   | Bought a potion of haste for 200 gold pieces
 22811 | Snake:1  | Entered Level 1 of the Snake Pit
 22811 | Snake:1  | Found Etwyaz's Vocational Training.
 22819 | Snake:1  | Reached skill level 5 in Fighting
 23077 | Snake:1  | Found Wimy's General Store.
 23251 | Snake:1  | Found Hauqaiw's Assorted Antiques.
 23280 | Snake:1  | Bought a pair of runed gloves for 210 gold pieces
 23520 | Snake:1  | Bought 5 datura-tipped darts for 63 gold pieces
 23582 | Snake:1  | Found Voogik Omue's Jewellery Shop.
 23907 | Snake:1  | You are sucked into a shaft and drop 1 floor!
 23931 | Snake:2  | Reached skill level 1 in Staves
 24270 | Snake:2  | Reached skill level 10 in Armour
 24707 | Snake:1  | Found Faeto's Antique Armour Shop.
 24973 | Snake:1  | Found Vaxoh's Book Boutique.
 25367 | Snake:2  | Reached skill level 18 in Spellcasting
 25598 | Snake:2  | Identified the staff of air "Zoav" {rElec Str+8 Int+2}
 25859 | Snake:2  | Noticed Kirke
 25871 | Snake:2  | Killed Kirke
 25924 | Snake:2  | Noticed Roxanne
 25945 | Snake:2  | Killed Roxanne
 26118 | Snake:2  | Noticed a nagaraja
 26123 | Snake:2  | Killed a nagaraja
 26834 | Snake:2  | Reached XP level 17. HP: 94/111 MP: 0/0
 26834 | Snake:2  | Learned a level 7 spell: Orb of Destruction
 26951 | Snake:3  | Noticed Aizul
 26956 | Snake:3  | Killed Aizul
 27011 | Snake:3  | Reached skill level 10 in Invocations
 27217 | Snake:3  | Got the Atlas of the Xenotype
 27261 | Snake:3  | Found Jeimoh's Antique Armour Shoppe.
 27319 | Snake:3  | Found Falulett's Jewellery Boutique.
 27324 | Snake:3  | Found Laurel's Jewellery Boutique.
 27691 | Snake:3  | Identified the +0 robe of Privacy {rElec rPois rN++ Int-5}
 28050 | Snake:4  | Entered Level 4 of the Snake Pit
 28322 | Snake:4  | Reached skill level 19 in Spellcasting
 29749 | Snake:4  | Noticed a quicksilver dragon
 29754 | Snake:4  | Killed a quicksilver dragon
 29843 | Snake:4  | Noticed a quicksilver dragon
 29848 | Snake:4  | Killed a quicksilver dragon
 30022 | Snake:4  | Got a serpentine rune of Zot
 30330 | Swamp:1  | Entered Level 1 of the Swamp
 30753 | Swamp:1  | Reached skill level 5 in Evocations
 31298 | Swamp:1  | Reached XP level 18. HP: 119/119 MP: 0/0
 31578 | Swamp:2  | Reached XP level 19. HP: 109/124 MP: 0/0
 31578 | Swamp:2  | Learned a level 6 spell: Plasma Beam
 32351 | Swamp:3  | Noticed Mara
 32352 | Swamp:3  | Reached skill level 20 in Spellcasting
 32463 | Swamp:3  | Noticed Donald
 32551 | Swamp:3  | Noticed monsoonserge's illusion
 32553 | Swamp:3  | Killed Mara
 32888 | Swamp:3  | Killed Donald
 33354 | Swamp:4  | Entered Level 4 of the Swamp
 34457 | Swamp:4  | Noticed the 27-headed Lernaean hydra
 34461 | Swamp:4  | Killed the 27-headed Lernaean hydra
 35159 | Swamp:4  | Got a decaying rune of Zot
 35656 | D:12     | Noticed Fannar
 35657 | D:12     | Killed Fannar
 35661 | D:12     | Noticed Urug
 35663 | D:12     | Killed Urug
 36025 | D:12     | Identified the +0 pair of gloves of the Purple Skies {Harm
                  | Fly rCorr Int+2 Dex-4}
 36046 | D:12     | Found a runed translucent door.
 36046 | D:12     | Found a shimmering altar of Xom.
 36047 | D:12     | Noticed booth's ghost (journeyman HOMo)
 36104 | D:12     | Noticed Jorgrun
 36112 | D:12     | Killed Jorgrun
 37314 | D:13     | Reached skill level 21 in Spellcasting
 37314 | D:13     | Reached XP level 20. HP: 126/132 MP: 0/0
 37684 | D:14     | Noticed Rupert
 37684 | D:14     | Paralysed by Rupert for 3 turns
 37691 | D:14     | Killed Rupert
 37997 | D:14     | Identified the ring of Megalomania {Contam +Blink rElec rN+
                  | EV+5}
 38071 | D:14     | Found a shimmering altar of Xom.
 38287 | D:14     | Found a gate to the Vaults.
 38317 | D:15     | Entered Level 15 of the Dungeon
 39489 | D:15     | Found a staircase to the Depths.
 39572 | D:15     | Found a portal to a secret trove of treasure.
 39668 | D:15     | Found Zudeelische's Weapon Shoppe.
 39708 | Depths:1 | Entered Level 1 of the Depths
 39708 | Depths:1 | Found a corrupted altar of Lugonu.
 40189 | Depths:1 | Found a one-way gateway to a ziggurat.
 40190 | Depths:1 | Found a gateway to Hell.
 40329 | Depths:1 | Reached skill level 10 in Shields
 40341 | Depths:1 | Found Gilunt's Armour Shop.
 40341 | Depths:1 | Found Sidoch's Weapon Emporium.
 40341 | Depths:1 | Found Xeceiz's Distillery.
 40341 | Depths:1 | Found Ramirix's Magic Scroll Shop.
 40404 | Depths:1 | Reached XP level 21. HP: 69/140 MP: 0/0
 40404 | Depths:1 | Learned a level 7 spell: Ozocubu's Refrigeration
 40407 | Depths:1 | Noticed Sojobo
 40410 | Depths:1 | Noticed Nikola
 40413 | Depths:1 | Reached skill level 10 in Fighting
 40416 | Depths:1 | Found a flickering gateway to a bazaar.
 40417 | Depths:1 | Paralysed by an air elemental for 1 turns
 40420 | Bazaar   | Entered a bazaar
 40420 | Bazaar   | Found Akon's Weapon Boutique.
 40420 | Bazaar   | Found Quffuom's Weapon Shop.
 40420 | Bazaar   | Found Awkiunno's Antique Armour Shop.
 40730 | Bazaar   | Bought 2 datura-tipped darts for 19 gold pieces
 40748 | Bazaar   | Bought a shiny helmet for 232 gold pieces
 40778 | Bazaar   | Bought a jewelled ring mail for 279 gold pieces
 40778 | Bazaar   | Identified the +2 ring mail of Existentialism {Str+4} (You
                  | bought it in a shop in a bazaar)
 40793 | Depths:1 | Reached skill level 22 in Spellcasting
 40974 | Vaults:1 | Entered Level 1 of the Vaults
 41682 | Vaults:1 | Identified the +4 short sword "Baesenk" {flame, *Slow rN++}
 42246 | Vaults:1 | Noticed an ancient lich
 42254 | Vaults:1 | Killed an ancient lich
 42740 | Vaults:1 | Identified the +3 war axe "Isyacas" {heavy, +Blink rF+ rN+
                  | Dex+3}
 42746 | Vaults:1 | Identified the +0 ring mail of the Land of Plenty {rPois}
 42747 | Vaults:1 | Identified the +0 robe "Xadghoyno" {rC+ rCorr Int+3 Dex+2}
 44308 | Vaults:2 | Reached XP level 22. HP: 131/148 MP: 0/0
 44849 | Elf:1    | Entered Level 1 of the Elven Halls
 44856 | Elf:1    | Reached skill level 23 in Spellcasting
 44856 | Elf:1    | Paralysed by an air elemental for 1 turns
 45581 | Elf:1    | Got the Almanac of the Entourage
 46268 | Elf:1    | Paralysed by an air elemental for 1 turns
 46317 | Elf:1    | Reached skill level 5 in Dodging
 47009 | Elf:1    | You are sucked into a shaft and drop 1 floor!
 47137 | Elf:1    | Paralysed by an air elemental for 1 turns
 47417 | Elf:2    | Paralysed by an air elemental for 1 turns
 47420 | Elf:1    | Paralysed by an air elemental for 1 turns
 47558 | Elf:2    | Found Xietuf's Armour Emporium.
 48627 | Elf:2    | Found a runed translucent gate.
 48628 | Elf:2    | Found a runed translucent gate.
 48628 | Elf:2    | Found a runed translucent gate.
 48846 | Elf:3    | Entered Level 3 of the Elven Halls
 49140 | Elf:3    | Identified the +6 ring mail of Ponus {Harm}
 49400 | Elf:3    | Reached XP level 23. HP: 71/154 MP: 0/0
 49400 | Elf:3    | Learned a level 7 spell: Storm Form
 49995 | Elf:3    | Reached skill level 1 in Unarmed Combat
 50279 | Elf:3    | Identified the +6 flail of Resourcefulness {drain, Contam
                  | rElec Dex+4}
 50718 | Elf:3    | Identified the +2 leather armour "Ukhlaov" {Drain Will+++
                  | Int+3 SInv}
 50839 | Elf:3    | Found the +0 pair of fencer's gloves {Riposte Dex+3}
 50850 | Elf:3    | Got the Papyrus of the Voyage and Aeromancy
 50858 | Elf:3    | Got Nucwaux's Handbook of Aerial Ectoplasm
 50864 | Elf:3    | Identified the +0 robe "Sewadeenk" {Int-2 Dex+5}
 50912 | Elf:3    | Identified the +3 short sword "Deebbo" {freeze, *Corrode
                  | Str+3 Int+7}
 50913 | Elf:3    | Identified the +4 hand axe of Popular Demand {protect,
                  | rPois rC- Str+3 Dex+4}
 51248 | D:12     | Reached skill level 24 in Spellcasting
 51288 | D:12     | Killed booth's ghost
 51475 | Vaults:2 | Identified the +1 sling "Ybroniuc" {freeze, Str+3 SInv}
 53232 | Vaults:3 | Found a staircase to the Crypt.
 53232 | Vaults:3 | Found a basalt altar of Yredelemnul.
 54734 | Vaults:4 | Identified the +9 hand axe of Luxury {flame, Drain rElec
                  | Str+2 Stlth+}
 54743 | Vaults:4 | Reached XP level 24. HP: 127/164 MP: 0/0
 55214 | Vaults:4 | Noticed an ancient lich
 55225 | Vaults:4 | Killed an ancient lich
 55995 | Vaults:4 | Reached skill level 1 in Throwing
 56310 | Vaults:4 | Identified the +8 dagger "Demonbane" {vamp, MP+9}
 56344 | Vaults:4 | Noticed an ancient lich
 56353 | Vaults:4 | Killed an ancient lich
 56665 | Vaults:4 | Noticed a dread lich
 56670 | Vaults:4 | Killed a dread lich
 56827 | Vaults:4 | Found the ring of the Octopus King
 56834 | Vaults:4 | Identified a ring of the Octopus King {HP+2 MP+9 AC+2 EV+2
                  | SH+2}
 56963 | Vaults:4 | Identified the +10 mace "Qaremeho" {freeze, rF+}
 57094 | Crypt:1  | Entered Level 1 of the Crypt
 57099 | Crypt:1  | Noticed Mennas
 57104 | Crypt:1  | Killed Mennas
 58837 | Crypt:1  | Reached skill level 25 in Spellcasting
 59905 | Crypt:2  | Noticed a royal mummy
 59909 | Crypt:2  | Killed a royal mummy
 60282 | Crypt:2  | Noticed a royal mummy
 60291 | Crypt:2  | Noticed a royal mummy
 60295 | Crypt:2  | Killed a royal mummy
 60296 | Crypt:2  | Reached XP level 25. HP: 62/169 MP: 0/0
 60296 | Crypt:2  | Learned a level 8 spell: Summon Horrible Things
 60301 | Crypt:2  | Killed a royal mummy
 60993 | Temple   | Fell from the grace of Elyvilon
 60993 | Temple   | Became a worshipper of Hepliaklqana the Forgotten
 61205 | D:11     | Bought a +1 helmet of see invisible for 247 gold pieces
 61273 | Orc:1    | Bought an ivory dire flail for 333 gold pieces
 61273 | Orc:1    | Identified the +8 dire flail of Zin's Generosity {venom,
                  | Int+3} (You bought it in a shop on level 1 of the Orcish
                  | Mines)
 62846 | Depths:1 | Acquired the +6 tower shield "Citu" {Str+3 Dex+3 Slay+2}
 63001 | Depths:1 | Killed Sojobo
 63491 | Depths:1 | Identified the amulet of Xeizes {RegenMP Rampage}
 64117 | Depths:1 | Killed Nikola
 64216 | D:15     | You paid a toll of +4 fire dragon scales to enter a
                  | treasure trove
 64217 | Trove    | Entered a treasure trove
 64234 | Trove    | Identified the +5 leather armour of Dithmenos's Whim {MP+9}
 64278 | Trove    | Identified the amulet "Iwoagene" {Regen+ Str+3}
 64282 | Trove    | Identified the amulet of Qytaro {RegenMP rC+ Dex+3}
 64703 | Slime:1  | Entered Level 1 of the Pits of Slime
 65077 | Slime:2  | Reached * piety under Hepliaklqana
 65604 | Slime:2  | Gained mutation: Armour fits poorly on your strangely
                  | shaped body. [a shining eye]
 67773 | Slime:3  | Lost mutation: A frigid envelope surrounds you and freezes
                  | all who hurt you. [a shining eye]
 67873 | Slime:3  | Gained mutation: You are frail. (-10% HP) [a shining eye]
 67894 | Slime:3  | Reached XP level 26. HP: 119/143 MP: 0/0
 68122 | Slime:5  | Entered Level 5 of the Pits of Slime
 68128 | Slime:4  | Reached skill level 26 in Spellcasting
 68338 | Slime:5  | Noticed the Royal Jelly
 68350 | Slime:5  | Killed the Royal Jelly
 68946 | Slime:5  | Gained mutation: You are very frail. (-20% HP) [a shining
                  | eye]
 69522 | Slime:5  | Lost mutation: You passively map a small area around you.
                  | [a shining eye]
 69653 | Slime:5  | Reached ** piety under Hepliaklqana
 69654 | Slime:5  | Remembered your ancestor Synnove as a knight
 69972 | Slime:5  | Identified the +5 plate armour of Spite {rCorr Int+2}
 69984 | Slime:5  | Identified the ring of Lust {Dex+5 Slay-4 SInv}
 69991 | Slime:5  | Got a slimy rune of Zot
 70028 | Slime:5  | Identified the +1 helmet "Intir" {rCorr}
 70039 | Slime:5  | Identified the staff of earth "Doach" {Fragile Int+5}
 70059 | Slime:5  | Got the Anthology of White Oxidation
 70062 | Slime:5  | Identified the +7 rapier "Death Rattle" {speed, Drain
                  | +Blink rPois Dex+8}
 70089 | Slime:5  | Identified the staff of air "Ziast" {rElec rF++}
 70097 | Slime:5  | Got the Enchiridion on Imprecation and Profane Liturgies
 70108 | Slime:5  | Identified the staff of fire "Kuirucun" {rF+ rN++ rCorr
                  | Str-4 SInv}
 70109 | Slime:5  | Identified the +4 whip "Isoot" {flame, rF- Str+4}
 70394 | Lair:5   | Lost mutation: Your flesh is almost immune to the effects
                  | of heat. (rF+++) [potion of mutation]
 70394 | Lair:5   | Lost mutation: Armour fits poorly on your strangely shaped
                  | body. [potion of mutation]
 70394 | Lair:5   | Gained mutation: You are somewhat resistant to further
                  | mutation. [potion of mutation]
 70395 | Lair:5   | Lost mutation: You are very frail. (-20% HP) [potion of
                  | mutation]
 70395 | Lair:5   | Lost mutation: You are somewhat resistant to further
                  | mutation. [potion of mutation]
 70395 | Lair:5   | Lost mutation: You are frail. (-10% HP) [potion of
                  | mutation]
 70395 | Lair:5   | Gained mutation: You occasionally shout uncontrollably at
                  | your foes. [potion of mutation]
 70395 | Lair:5   | Gained mutation: Armour fits poorly on your strangely
                  | shaped body. [potion of mutation]
 70395 | Lair:5   | Lost mutation: You occasionally shout uncontrollably at
                  | your foes. [potion of mutation]
 70395 | Lair:5   | Gained mutation: Your muscles are strong. (Str +4, Int/Dex
                  | -1) [potion of mutation]
 70396 | Lair:5   | Lost mutation: Your muscles are strong. (Str +4, Int/Dex
                  | -1) [potion of mutation]
 70396 | Lair:5   | Lost mutation: Armour fits poorly on your strangely shaped
                  | body. [potion of mutation]
 70396 | Lair:5   | Gained mutation: You have hidden genetic potential. [potion
                  | of mutation]
 70396 | Lair:5   | Gained mutation: You are dopey. (Int -2) [potion of
                  | mutation]
 70631 | Depths:1 | Voluntarily entered the Abyss.
 70752 | Abyss:4  | Got an abyssal rune of Zot
 70775 | Depths:1 | Escaped the Abyss
 71351 | Depths:1 | Found a sparkling altar of Nemelex Xobeh.
 71475 | Depths:1 | You are sucked into a shaft and drop 1 floor!
 71658 | Depths:2 | Found Kazaros's Magic Scroll Emporium.
 71678 | Depths:2 | Found a flickering gateway to a bazaar.
 71689 | Bazaar   | Entered a bazaar
 71689 | Bazaar   | Found Dointouss's Antique Armour Emporium.
 71979 | Bazaar   | Found Gaudios's Antique Weapon Shop.
 71981 | Bazaar   | Reached *** piety under Hepliaklqana
 71983 | Bazaar   | Found Qatoren's Distillery.
 72006 | Bazaar   | Found Vugati's Book Boutique.
 72009 | Bazaar   | Found Ythrel Koculi's General Store.
 72025 | Bazaar   | Bought a scroll of blinking for 82 gold pieces
 72025 | Bazaar   | Bought a potion of mutation for 88 gold pieces
 72055 | Bazaar   | Bought a potion of haste for 100 gold pieces
 72055 | Bazaar   | Bought a potion of heal wounds for 50 gold pieces
 72055 | Bazaar   | Bought a potion of curing for 30 gold pieces
 72055 | Bazaar   | Bought a potion of heal wounds for 50 gold pieces
 72055 | Bazaar   | Bought a potion of curing for 30 gold pieces
 72055 | Bazaar   | Bought a potion of invisibility for 80 gold pieces
 72885 | Crypt:2  | Found the +7 sceptre of Torment {pain, torment}
 72930 | Crypt:3  | Entered Level 3 of the Crypt
 73352 | Crypt:3  | Found a magical portal.
 73394 | WizLab   | Entered Doroklohe's Tomb
 73655 | WizLab   | Noticed an ancient lich
 73671 | WizLab   | Killed an ancient lich
 73992 | WizLab   | Identified the +10 falchion of Karma {drain, rElec rCorr
                  | Int+2}
 75120 | Crypt:3  | Found a staircase to the Tomb.
 75290 | Crypt:3  | Reached XP level 27. HP: 144/168 MP: 0/0
 75290 | Crypt:3  | Learned a level 9 spell: Shatter
 75682 | Crypt:3  | Reached skill level 27 in Spellcasting
 76074 | Crypt:3  | Found a basalt altar of Yredelemnul.
 76265 | Crypt:3  | Reached **** piety under Hepliaklqana
 76281 | Crypt:3  | Identified the +4 mace "Copibuv" {heavy, Contam rPois
                  | Int+4}
 76286 | Crypt:3  | Identified the amulet "Jiuqeed" {rPois rC+ Regen+}
 76286 | Crypt:3  | Identified the ring "Ysuso" {rC+ rN+}
 76286 | Crypt:3  | Identified the ring "Noenian" {rF+ rC+ rN+ Int+2 Dex+2}
 76287 | Crypt:3  | Identified the +9 short sword of Defiance {elec, Dex+4}
 76747 | Crypt:3  | Identified the ring "Gionos" {rPois EV+5 Int+5 Dex-2}
 76873 | Tomb:1   | Entered Level 1 of the Tomb of the Ancients
 77268 | Tomb:1   | Lost mutation: You are dopey. (Int -2) [hidden potential]
 77973 | Tomb:1   | Reached skill level 15 in Armour
 78037 | Tomb:1   | Noticed a royal mummy
 78042 | Tomb:1   | Killed a royal mummy
 78158 | Tomb:1   | Reached skill level 15 in Fighting
 79583 | Vaults:5 | Entered Level 5 of the Vaults
 79720 | Vaults:5 | Noticed a dread lich
 79902 | Vaults:4 | Killed a dread lich
 80604 | Vaults:4 | HP: 6/173 [quicksilver dragon/bolt of dispelling energy
                  | (32)]
 81308 | Vaults:4 | Gained mutation: Your spells are a little harder to cast,
                  | but a little more powerful. [hidden potential]
 81308 | Vaults:4 | Lost mutation: You have hidden genetic potential. [hidden
                  | potential expressed]
 81399 | Vaults:5 | Reached skill level 15 in Shields
 81402 | Vaults:5 | Noticed an ancient lich
 81511 | Vaults:5 | Killed an ancient lich
 81779 | Vaults:5 | Found Paedisti's Armour Shoppe.
 81938 | Vaults:5 | Identified the +2 whip of Mielut {heavy, rElec Will-
                  | Stlth+}
 82585 | Vaults:5 | Identified the staff of poison "Hyeri" {rPois rF+ Str+2
                  | Int-4}
 82588 | Vaults:5 | Identified the +2 scale mail of the Black Moon {rN+ Dex+7}
 82699 | Vaults:5 | Got Ruwnu's Octavo of Poisonous Topology
 82747 | Vaults:5 | Got a silver rune of Zot
 82824 | Vaults:5 | Identified the +6 glaive "Etuphut" {spect, rC+}
 82829 | Vaults:5 | Identified the +2 dagger of Ilyx {holy, Fly rElec Int+3}
 82830 | Vaults:5 | Identified the +5 short sword "Itarev" {venom, *Slow rPois
                  | rN+++ Str+5}
 82942 | Vaults:5 | Reached ***** piety under Hepliaklqana
 83542 | Tomb:1   | Noticed a royal mummy
 83542 | Tomb:1   | Noticed a royal mummy
 83542 | Tomb:1   | Noticed a royal mummy
 84317 | Depths:1 | Bought a potion of haste for 190 gold pieces
 85396 | Depths:2 | Found an opulent altar of Gozag.
 85719 | Depths:2 | Noticed Bai Suzhen
 85832 | Depths:1 | Killed Bai Suzhen
 86063 | Depths:2 | Found a one-way gate leading to the halls of Pandemonium.
 86304 | Depths:2 | Bought a scroll of teleportation for 39 gold pieces
 86740 | Depths:3 | Noticed a juggernaut
 86986 | Depths:3 | Killed a juggernaut
 87905 | Depths:3 | Found a sacrificial altar of Ru.
 88253 | Depths:4 | Entered Level 4 of the Depths
 88763 | Depths:3 | Identified the amulet of Generosity {Faith Will+ Stlth+}
 88908 | Depths:3 | Identified the +3 dire flail of Division {drain, Fly rElec
                  | Dex+3}
 89124 | Depths:3 | Got Sif Muna's Omnibus of Pollution
 90321 | Depths:4 | Identified the +2 mace of Pilyzelo {heavy, rElec rN+ rCorr
                  | Dex-5}
 90441 | Depths:4 | Found an iron altar of Okawaru.
 91211 | Depths:4 | Found a hazy altar of Hepliaklqana.
 91294 | Depths:4 | Found a shimmering altar of Xom.
 91352 | Depths:4 | Found an opulent altar of Gozag.
 91413 | Depths:4 | Found the +3 Mad Mage's Maulers {Infuse+∞ VampMP -Cast}
 91477 | Depths:4 | Found a gate to the Realm of Zot.
 91527 | Zot:1    | Entered Level 1 of the Realm of Zot
 91769 | Zot:1    | Noticed a Killer Klown
 91769 | Zot:1    | Noticed a Killer Klown
 91816 | Zot:1    | Noticed an ancient lich
 91841 | Zot:1    | Killed an ancient lich
 91877 | Zot:1    | Killed a Killer Klown
 91881 | Zot:1    | Killed a Killer Klown
 92893 | Zot:1    | Identified the +0 leather armour of Amorality {MP+9 Int+2
                  | Dex-5}
 93636 | Zot:1    | Reached skill level 5 in Staves
 94363 | Zot:2    | Found a sparkling altar of Nemelex Xobeh.
 95310 | Zot:3    | Reached ****** piety under Hepliaklqana
 96419 | Zot:3    | Reached skill level 10 in Evocations
 97995 | Zot:4    | Noticed an orb of fire
 97995 | Zot:4    | Gained mutation: You do not regenerate when monsters are
                  | visible. [an orb of fire]
 98003 | Zot:4    | Killed an orb of fire
 98021 | Zot:3    | Lost mutation: Your spells are a little harder to cast, but
                  | a little more powerful. [potion of mutation]
 98021 | Zot:3    | Lost mutation: You do not regenerate when monsters are
                  | visible. [potion of mutation]
 98021 | Zot:3    | Gained mutation: You have a pair of small horns on your
                  | head. [potion of mutation]
 98021 | Zot:3    | Gained mutation: You expend health (3 HP) to strengthen
                  | your wands. [potion of mutation]
 98026 | Zot:3    | Lost mutation: You expend health (3 HP) to strengthen your
                  | wands. [potion of mutation]
 98026 | Zot:3    | Lost mutation: You have a pair of small horns on your head.
                  | [potion of mutation]
 98026 | Zot:3    | Gained mutation: You are somewhat resistant to further
                  | mutation. [potion of mutation]
 98852 | Zot:4    | Identified the +5 ring mail of Wopp {rF+++ Dex+4 Stlth-}
 99127 | Zot:4    | Identified the +2 leather armour "Uwi Nab" {rElec Int+4
                  | Stlth-}
 99617 | Zot:5    | Entered Level 5 of the Realm of Zot
100200 | Zot:5    | Found a runed translucent gate.
100200 | Zot:5    | Found a runed translucent gate.
100200 | Zot:5    | Found a runed translucent gate.
100203 | Zot:5    | Noticed Hicanoach's ghost (master DsGl)
100204 | Zot:5    | Noticed an ancient lich
102094 | Hell     | Entered the Vestibule of Hell
102100 | Hell     | Noticed Geryon
102248 | Hell     | Noticed Murray
102460 | Depths:4 | Killed Murray
102634 | Hell     | Killed Geryon
102880 | Hell     | Found a gateway to the decaying netherworld of Tartarus.
102964 | Hell     | Found a gateway to the ashen valley of Gehenna.
103042 | Hell     | Found a gateway to the Iron City of Dis.
103112 | Hell     | Found a gateway to the freezing wastes of Cocytus.
103821 | Zot:5    | Found a corrupted altar of Lugonu.
103987 | Zot:5    | Killed an ancient lich
103991 | Zot:5    | Killed Hicanoach's ghost
104732 | Zot:5    | Noticed an ancient lich
104746 | Zot:5    | Noticed an orb of fire
104747 | Zot:5    | Killed an ancient lich
105046 | Zot:5    | Killed an orb of fire
105244 | Zot:5    | Noticed a dread lich
105246 | Zot:5    | Noticed a dread lich
105248 | Zot:5    | Killed a dread lich
105250 | Zot:5    | Killed a dread lich
105473 | Zot:5    | Noticed an ancient lich
105743 | Zot:5    | Killed an ancient lich
105863 | Zot:5    | Noticed an orb of fire
105880 | Zot:5    | Killed an orb of fire
106272 | Zot:5    | Noticed an orb of fire
106279 | Zot:5    | Killed an orb of fire
106582 | Zot:5    | Noticed a Killer Klown
106585 | Zot:5    | Killed a Killer Klown
106623 | Zot:5    | Noticed an ancient lich
106627 | Zot:5    | Killed an ancient lich
106806 | Zot:5    | Noticed a dread lich
106810 | Zot:5    | Killed a dread lich
106905 | Zot:5    | Noticed a Killer Klown
106909 | Zot:5    | Killed a Killer Klown
106910 | Zot:5    | Reached skill level 5 in Stealth
106919 | Zot:5    | Noticed an ancient lich
106921 | Zot:5    | Killed an ancient lich
106923 | Zot:5    | Noticed a Killer Klown
106927 | Zot:5    | Killed a Killer Klown
106931 | Zot:5    | Noticed an orb of fire
106937 | Zot:5    | Killed an orb of fire
107674 | Zot:5    | Noticed an orb of fire
107683 | Zot:5    | Killed an orb of fire
107833 | Zot:5    | Got the Orb of Zot
107863 | Zot:5    | Noticed a dread lich
107869 | Zot:5    | Killed a dread lich
108039 | Zot:1    | Noticed Vuesk the pandemonium lord
108409 | D:8      | Noticed a seraph
108602 | D:1      | Noticed Terronli the pandemonium lord
108610 | D:$      | Escaped with the Orb!

Illustrated notes

Levels and vault maps discovered:
D:1:      minmay_arrival_glassed_features, layout_rooms,
          minmay_tree_intersection, minmay_worlds_worst_comb
D:2:      layout_rooms, shapermc_ecumenical_altar_hornbeckon
D:3:      layout_rooms
D:4:      layout_rooms, minmay_temple_entry_sparse_star,
          cheibrodos_sewer_entry_bend, uniq_crazy_yiuf_cottage
D:5:      layout_loops_ring
D:6:      layout_rooms, minitemple, minivault_19
D:7:      layout_rooms, enter_bailey_2, reono_crystal_passage
D:8:      layout_basic, mainiacjoe_overflow_small_starburst,
          chequers_serial_rivers_marsh, uniq_psyche
D:9:      layout_rooms, fountainhead, minmay_diced_spiral, uniq_erica, uniq_grum
D:10:     minmay_octagon_keep, layout_long_grid, grunt_lair_entry_orc_guard_hut,
          small_statue_intersection, chequers_serial_rivers_small_b, uniq_harold
D:11:     layout_big_octagon, kennysheep_orc_monster_closet_entryway,
          serial_shops, bzr_entry_islet, shop, shop, shop,
          gauntlet_entry_generic
D:12:     layout_stronghold, ebering_ghost_xom, uniq_fannar, uniq_jorgrun,
          uniq_urug
D:13:     layout_loops_ring
D:14:     layout_cave_pools, david_vaults_2, xom_teletrap_fun, uniq_rupert
D:15:     gammafunk_depths_entry_grave, layout_loops_ring, serial_shops,
          nicolae_diamond_shop, nicolae_trove_entry_columns, roderic_lattice_a
Temple:   nicolae_temple_hex_pool
Lair:1:   layout_chaotic_city, serial_bayou_pond_b
Lair:2:   layout_cave_shapes, swamp_mist_pool, minmay_snake_entry_six_corridors
Lair:3:   minmay_lair_venomous_thicket, layout_gridlike, gammafunk_ghost_grave,
          pdpol_lair_neglected_garden, dreamdust_mushroom_princess
Lair:4:   layout_regular_city, infiniplex_staircase_pool_2, grunt_megastairs_4
Lair:5:   hangedman_lair_caniforms_friends, layout_long_grid, wormcave,
          minmay_slime_entry_jelly_boxes, grunt_megastairs_5
Swamp:1:  layout_basic_swamp, evilmike_swamp_ruin_rubble_1, swamp_pool4,
          nicolae_swamp_necromancer_hut
Swamp:2:  layout_basic_swamp, nicolae_swamp_round_clearing
Swamp:3:  layout_basic_swamp, evilmike_swamp_ruin_house_6, uniq_donald,
          uniq_mara
Swamp:4:  swamp_basic_johnstein, layout_basic_swamp, infiniplex_staircase_pool
Snake:1:  layout_gridlike, serial_shops, shop, shop, shop, shop,
          nicolae_shop_stone, nicolae_shop_vocational, serial_bayou_shore_a
Snake:2:  nicolae_snake_crotalidae_crossing, layout_misc_corridors,
          nicolae_snake_salamander_fort, uniq_roxanne, uniq_kirke
Snake:3:  layout_onion, serial_shops, shop, nicolae_triple_integral,
          minmay_shop_star, uniq_aizul
Snake:4:  hellmonk_snake_rune_quicksilver_temple, layout_cave_town
Slime:1:  layout_caves
Slime:2:  layout_caves
Slime:3:  layout_caves
Slime:4:  cheibrodos_slime_lost_civilization_9, layout_caves
Slime:5
Orc:1:    layout_caves, serial_shops, shop, nicolae_orc_lava_room
Orc:2:    grunt_orc_tribal_feast, layout_caves, serial_shops, bzr_in_the_mist,
          portal_ice_cave_rime, hangedman_feature_mirror
Elf:1:    layout_loops_corners, special_room [special_room_orc],
          minmay_elf_demonology
Elf:2:    nicolae_elf_blades_crystal_corner, layout_gridlike, basic_altar,
          serial_shops, shop
Elf:3:    minmay_elf_hall_statues, layout_geoelf_octagon
Vaults:1: st_greater_box_5, nicolae_vaults_closet_pinwheel_6, v_misc_24,
          v_misc_23, vaults_room_ringed_pool, vaults_standard_mumra_x,
          layout_vaults_omnigrid
Vaults:2: ontoclasm_vaults_gateway, vaults_standard_mumra_enter_the_diamond,
          v_misc_30, dpeg_vaults_pockets_of_resistance,
          nicolae_vaults_network_quinsquares
          [nicolae_vaults_network_quincunx_subvault,
          nicolae_vaults_network_quincunx_subvault,
          nicolae_vaults_network_quincunx_subvault,
          nicolae_vaults_network_quincunx_subvault], v_rooms_4,
          grunt_vaults_diagonal, vaults_room_stairs_pillars,
          hangedman_vaults_trim, v_misc_32, nicolae_vaults_house_3,
          vaults_room_hallway, layout_vaults_omnicross
Vaults:3: vaults_dpeg_cross, minmay_crypt_entry_necro_gods,
          hangedman_vaults_stagger, nicolae_vaults_shipping_containers_1,
          ontoclasm_vaults_fault, nicolae_vaults_doubleplus_tesselated,
          hangedman_vaults_stretched_pinwheel,
          nicolae_vaults_trapezoid_lopsided_4, vaults_room_door_hall,
          nicolae_vaults_stepped_doors, layout_vaults_maze_snakey
Vaults:4: grunt_vaults_focal, vaults_mumra_minichess,
          nicolae_vaults_puzzle_piece, nicolae_vaults_puzzle_piece, v_rooms_6,
          nicolae_vaults_house_3, hangedman_vaults_slither, st_greater_box_3,
          vaults_standard_mumra_enter_the_diamond, ontoclasm_vaults_ring_small,
          nicolae_vaults_trapezoid_2, layout_vaults_omnibox
Vaults:5: serial_shops
Crypt:1:  layout_catacombs, uniq_mennas
Crypt:2:  minmay_guarded_unrand_sceptre_of_torment, layout_chaotic_city,
          roderic_lattice_octagonal_star
Crypt:3:  church_of_pain_bobbens, layout_chaotic_city,
          nicolae_tomb_entry_unfolded_pyramid_orthogonal,
          lightli_enter_wizlab_magi_temple
Tomb:1
Depths:1: hangedman_box_tower, layout_gridlike, enter_ziggurat_f, hell_entry,
          serial_shops, bzr_entry_safe, nemelex_spade_bored_becter,
          abyss_entry_flame_altar, grunt_tough_drop, uniq_sojobo, uniq_nikola
Depths:2: minmay_the_grid_3x2 [minmay_the_grid_minigrid_small_alt,
          minmay_the_grid_odd_star, minmay_the_grid_embedded,
          minmay_the_grid_garden, minmay_the_grid_gridbox,
          minmay_the_grid_prize_big_room], layout_twisted_cross,
          rand_demon_pan_entry_9, serial_shops, freezing_bzr,
          nicolae_diamond_shop, grunt_gozag_statues, hangedman_coc_ice_floe,
          uniq_bai_suzhen
Depths:3: minmay_skeletal_surprise, layout_cave_pools,
          nicolae_ru_the_path_less_chosen, abyss_entry,
          grunt_hell_entry_dis_old, infiniplex_staircase_door_maze
Depths:4: grunt_profane_halls [grunt_profane_temple_coc,
          grunt_profane_temple_tar, grunt_profane_temple_dis,
          grunt_profane_temple_geh, grunt_zot_portal], hell_entry, abyss_entry
Hell
Zot:1:    ebering_klown_carousel, layout_basic
Zot:2:    layout_misc_corridors, basic_altar, lemuel_elevator,
          grunt_megastairs_3
Zot:3:    layout_basic, lemuel_flame_loot_1, grunt_megastairs_1
Zot:4:    kennysheep_six_static_rooms, layout_basic, bh_zot_lava_cross,
          grunt_ministairs_15
Zot:5:    layout_onion, gammafunk_ghost_necromancy, grunt_ministairs_14,
          st_stairs_6, amcnicky_altar_lugonu_corruption

Skill      XL: |  1  2  3  4  5  6  7  8  9 10 11 12 13 14 15 16 17 18 19 20 21 22 23 24 25 26 27 |
---------------+----------------------------------------------------------------------------------+-----
Spellcasting   | 3 4 5 6 8 9 11 12 14 15 17 18 19 21 22 23 24 25 26 27 | 27.0
Stealth        | 2 3 5 |  5.0
Armour         | 2 4 5 6 7 8 9 10 11 12 13 14 23 | 23.6
Fighting       | 1 2 3 4 6 7 8 9 10 11 12 13 14 18 | 18.8
Shields        | 1 2 3 4 5 6 7 8 9 10 11 12 23 | 23.2
Short Blades   | 1 2 |  2.2
Dodging        | 3 4 5 8 |  8.5
Invocations    | 1 3 4 5 6 7 9 10 11 12 13 | 13.8
Long Blades    | 1 2 |  2.2
Evocations     | 1 3 4 5 6 7 9 11 | 11.0
Staves         | 1 2 6 |  6.2
Unarmed Combat | 3 |  3.0
Throwing       | 2 3 |  3.0
Maces & Flails | |  0.1

Action                     |  1- 3 |  4- 6 |  7- 9 | 10-12 | 13-15 | 16-18 | 19-21 | 22-24 | 25-27 || total
---------------------------+-------+-------+-------+-------+-------+-------+-------+-------+-------++-------
  Melee: Unarmed           |    18 |       |       |       |       |       |       |     2 |       ||    20
         Dagger            |     5 |       |    18 |    13 |       |       |       |       |       ||    36
         Whip              |     3 |       |       |       |       |       |       |       |       ||     3
         Rapier            |       |    38 |    79 |       |       |       |       |       |       ||   117
         Scimitar          |       |       |       |    28 |    28 |       |       |       |       ||    56
         Staff             |       |       |       |       |     8 |     6 |     5 |     1 |     4 ||    24
  Throw: Boomerang         |       |       |       |       |     2 |     1 |       |       |       ||     3
         Javelin           |       |       |       |       |       |       |       |       |     5 ||     5
   Cast: Sting             |    60 |    71 |    86 |   103 |    89 |     6 |       |       |       ||   415
         Poisonous Vapours |     7 |    14 |    15 |    45 |    51 |     2 |       |       |       ||   134
         Olgreb's Toxic Ra |       |     3 |       |     5 |    27 |     4 |     1 |       |     2 ||    42
         Mephitic Cloud    |       |     5 |    13 |    25 |    17 |     4 |     1 |     3 |     2 ||    70
         Summon Small Mamm |       |     2 |    15 |     2 |     2 |       |       |     1 |       ||    22
         Blink             |       |       |     2 |     2 |     5 |     1 |       |     1 |     6 ||    17
         Gell's Gravitas   |       |       |     6 |    24 |    40 |    27 |       |       |    21 ||   118
         Stone Arrow       |       |       |     1 |    75 |   234 |   220 |    11 |     4 |    50 ||   595
         Flame Wave        |       |       |       |     7 |    50 |    23 |    12 |    38 |    34 ||   164
         Metabolic Englaci |       |       |       |       |     9 |    12 |     5 |     1 |     3 ||    30
         Eringya's Noxious |       |       |       |       |     5 |       |     1 |     1 |       ||     7
         Orb of Destructio |       |       |       |       |       |    49 |    82 |    49 |   124 ||   304
         Plasma Beam       |       |       |       |       |       |       |   335 |   501 |  1222 ||  2058
         Ozocubu's Refrige |       |       |       |       |       |       |     9 |     6 |    88 ||   103
         Storm Form        |       |       |       |       |       |       |       |     2 |       ||     2
         Summon Horrible T |       |       |       |       |       |       |       |       |    10 ||    10
         Shatter           |       |       |       |       |       |       |       |       |   111 ||   111
 Invoke: Heal Self         |       |       |       |     1 |     2 |     1 |    15 |    12 |     1 ||    32
         Heal Other        |       |       |       |       |       |       |     2 |       |       ||     2
         Purification      |       |       |       |       |       |       |       |     1 |       ||     1
         Recall Ancestor   |       |       |       |       |       |       |       |       |    22 ||    22
         Transference      |       |       |       |       |       |       |       |       |     2 ||     2
         Ancestor Life: Kn |       |       |       |       |       |       |       |       |     1 ||     1
         Idealise          |       |       |       |       |       |       |       |       |     1 ||     1
Ability: Evoke Blink       |       |       |       |       |       |       |       |       |     2 ||     2
  Evoke: Wand              |       |       |       |       |       |       |     2 |       |     1 ||     3
    Use: Potion            |       |       |     4 |       |       |     1 |       |       |    23 ||    28
         Scroll            |       |       |     8 |     4 |     6 |     7 |     6 |     3 |    16 ||    50
   Stab: Sleeping          |     3 |     2 |       |       |       |       |       |       |       ||     5
         Confused          |       |       |     6 |     2 |       |       |       |       |       ||     8
 Armour: Robe              |     7 |       |     1 |       |       |       |       |       |       ||     8
         Leather armour    |     6 |    18 |     2 |       |       |       |       |       |       ||    26
         Steam dragon scal |       |       |     8 |       |       |       |       |       |       ||     8
         Chain mail        |       |       |    43 |    76 |   119 |   130 |    77 |    99 |   218 ||   762
         Skin              |       |       |       |       |       |       |       |     1 |       ||     1
  Dodge: Dodged            |    52 |    39 |    69 |    47 |   108 |    61 |    36 |    43 |   197 ||   652
  Block: Buckler           |       |     1 |    27 |    24 |    59 |    68 |       |       |       ||   179
         Reflection        |       |       |       |       |       |    21 |    18 |    30 |    34 ||   103
         Kite shield       |       |       |       |       |       |    25 |    94 |   175 |    13 ||   307
         Tower shield      |       |       |       |       |       |       |       |       |   654 ||   654
Riposte: Staff             |       |       |       |       |       |       |       |    47 |   228 ||   275
